 Dungeon Sprint DCSS version 0.20.1-1-g8b1a95d (webtiles) character file.

2515 wojtek the Bludgeoner (level 9, -2/90 HPs)
             Began as a Minotaur Berserker on Jan 2, 2018.
             Was an Elder of Trog.
             Slain by a tentacle (20 damage)
             ... attached to a kraken
             ... in the Dungeon (Sprint II: "The Violet Keep of Menkaure").
             The game lasted 00:04:55 (1421 turns).

wojtek the Bludgeoner (Minotaur Berserker)          Turns: 1421, Time: 00:04:56

Health: -2/90      AC:  9    Str: 32    XL:     9   Next: 29%
Magic:  8/8        EV: 16    Int:  4    God:    Trog [****..]
Gold:   280        SH:  0    Dex: 12    Spells: 8/8 levels left

rFire    . . .     SeeInvis .   k - +2 morningstar of Kelu {venom, Dex+2} (curse)
rCold    . . .     Gourm    .   (no shield)
rNeg     . . .     Faith    .   j - +0 scale mail of the Gate {Str+7} (curse)
rPois    .         Spirit   .   (helmet restricted)
rElec    .         Reflect  .   (no cloak)
rCorr    .         Harm     .   (no gloves)
MR       .....     NoTele   +   (no boots)
Stlth    ..........             (no amulet)
Regen    0.3/turn               (no ring)
MPRegen  0.2/turn               (no ring)

@: berserk cooldown, slowed, very slow
A: retaliatory headbutt, horns 2, subdued magic 1
a: Berserk, Trog's Hand, Brothers in Arms, Burn Spellbooks, Renounce Religion


You were in the Dungeon.
You worshipped Trog.
Trog was greatly pleased with you.
You were not hungry.

You visited 1 branch You collected 1053 gold pieces.
You spent 773 gold pieces at shops.

Inventory:

Hand Weapons
 a - a +0 mace
 k - the cursed +2 morningstar of Kelu (weapon) {venom, Dex+2}
   (You bought it in a shop in the Dungeon)

   It poisons the flesh of those it strikes.
   It affects your dexterity (+2).
   It has a curse placed upon it.
Armour
 b - a +0 animal skin
 j - the cursed +0 scale mail of the Gate (worn) {Str+7}
   (You bought it in a shop in the Dungeon)

   It affects your strength (+7).
   It has a curse placed upon it.
Scrolls
 i - a scroll of blinking
Potions
 d - a potion of curing
 e - a potion of heal wounds
 f - a potion of haste
 g - 2 potions of magic
 h - a potion of berserk rage
Comestibles
 c - 4 bread rations


   Skills:
 + Level 11.9 Fighting
 * Level 15.6 Maces & Flails
 + Level 11.6 Armour
 + Level 10.6 Dodging


You had 8 spell levels left.
You didn't know any spells.

Dungeon Overview and Level Annotations

Branches:
Dungeon (1/1)

Altars:
Cheibriados
Dithmenos
Elyvilon
Hepliaklqana
Kikubaaqudgha
Makhleb
Qazlal
Ru
Sif Muna
Trog
Uskayaw
Vehumet
Xom
Yredelemnul
Zin
The Shining One
Beogh
Jiyva
Lugonu

Shops:
D *:?(}=:==([[![%!

Annotations:
D exclusion: oklob plant


Innate Abilities, Weirdness & Mutations

You reflexively headbutt those who attack you in melee.
You have a pair of horns on your head.
Your spells are a little easier to cast, but a little less powerful.


Message History

The door flies open with a bang!
The tentacle slaps you!!
Tentacles burst out of the water!
You feel a strong urge to attack something.
The tentacle slaps you!
Found seven items.
There is an open door, spattered with blood here.
You are no longer berserk.
You are exhausted.
You feel yourself slow down.
The tentacle slaps you but does no damage.
Found eight items.
You see here a spear.
There's a creature in the doorway!
You bludgeon the tentacle!! Your headbutt misses the tentacle.
The tentacle is almost dead.
The tentacle slaps you!!
* * * LOW HITPOINT WARNING * * *
The tentacle closely misses you. The tentacle slaps you!!
You die...

▓▓▓▓▓▓▓▓▓▓ !?(!!))$▓▓
#. ▓[?!$![(%▓▓ +.##.
|▓))($$[?[▓▓
...####▓)(($![!$▓▓
#..##.#▓$$![$$$(▓▓
+..#..#▓)$($$($)▓▓
#..#÷)#▓?$?$??!@▓▓
##..##.#▓%![!??!w▓▓
###..)##▓▓▓▓▓▓▓<▓▓▓▓+▓
..≈≈≈≈≈≈≈≈≈≈≈≈≈.\wXw≈▓
..≈#+########+###Vw≈≈▓
..≈#._..._..#t§≈##≈≈≈▓
§.§#.._._._.#§§≈≈####▓
§≈≈#._._._._#§≈≈§§#
≈≈§#_._._._.#§§§§§≈


You could see a kraken and 3 tentacles.

Vanquished Creatures
  A merfolk siren (D)
  A yaktaur (D)
  3 polar bears (D)
  A hornet (D)
  2 tyrant leeches (D)
  4 neqoxecs (D)
  Menkaure (D)
  4 worker ants (D)
  2 tentacles (D)
19 creatures vanquished.

Vanquished Creatures (others)
  A crocodile (D)
1 creature vanquished.

Grand Total: 20 creatures vanquished

Notes
Turn   | Place    | Note
-------+----------+-------------------------------------------
     0 | D        | wojtek the Minotaur Berserker began the quest for the Orb.
     0 | D        | Reached XP level 1. HP: 19/19 MP: 0/0
     1 | D        | Noticed a worker ant
     1 | D        | Noticed a worker ant
     4 | D        | Killed a worker ant
     4 | D        | Reached skill level 5 in Maces & Flails
     4 | D        | Reached XP level 2. HP: 19/28 MP: 1/1
    10 | D        | Reached skill level 5 in Fighting
    10 | D        | Reached skill level 6 in Maces & Flails
    10 | D        | Reached XP level 3. HP: 14/36 MP: 2/2
    17 | D        | Reached ** piety under Trog
    17 | D        | Reached XP level 4. HP: 9/42 MP: 3/3
    30 | D        | Killed a crocodile
   303 | D        | Reached skill level 7 in Maces & Flails
   303 | D        | Reached skill level 5 in Armour
   314 | D        | Noticed a neqoxec
   314 | D        | Noticed a neqoxec
   314 | D        | Noticed a neqoxec
   314 | D        | Noticed a neqoxec
   319 | D        | Killed a neqoxec
   319 | D        | Reached skill level 9 in Maces & Flails
   319 | D        | Reached XP level 5. HP: 52/52 MP: 4/4
   322 | D        | Killed a neqoxec
   322 | D        | Reached skill level 10 in Maces & Flails
   322 | D        | Reached XP level 6. HP: 61/61 MP: 5/5
   328 | D        | Killed a neqoxec
   328 | D        | Reached *** piety under Trog
   328 | D        | Reached skill level 11 in Maces & Flails
   333 | D        | Gained mutation: Your spells are a little easier to cast, but a little less powerful. [a neqoxec]
   334 | D        | Killed a neqoxec
   334 | D        | Reached skill level 12 in Maces & Flails
   334 | D        | Reached XP level 7. HP: 70/70 MP: 6/6
   382 | D        | Noticed a merfolk siren
   394 | D        | Killed a merfolk siren
   394 | D        | Reached **** piety under Trog
   394 | D        | Reached skill level 10 in Fighting
   394 | D        | Reached skill level 13 in Maces & Flails
   589 | D        | Noticed a tyrant leech
   589 | D        | Noticed a tyrant leech
   599 | D        | Killed a tyrant leech
   599 | D        | Reached skill level 10 in Armour
   599 | D        | Reached XP level 8. HP: 80/80 MP: 7/7
   618 | D        | Killed a tyrant leech
   813 | D        | Found Gapt's Distillery.
   813 | D        | Found Dazxoum's Antique Armour Shop.
   813 | D        | Found Vuqiuts's Antique Weapon Boutique.
   813 | D        | Found Keihy's Distillery.
   813 | D        | Found Siopuxto's Food Boutique.
   813 | D        | Found Ymoetyv's Jewellery Shop.
   813 | D        | Found Xoided's Antique Armour Shop.
   813 | D        | Found Xezopim's Jewellery Boutique.
   814 | D        | Found Suer's Antique Armour Shop.
   814 | D        | Found Vymm's Book Boutique.
   814 | D        | Found Rumik's Jewellery Boutique.
   814 | D        | Found Ijeemutoc's Gadget Shop.
   814 | D        | Noticed Menkaure
   814 | D        | Noticed a great orb of eyes
   829 | D        | Killed Menkaure
   829 | D        | Reached ***** piety under Trog
   829 | D        | Reached skill level 14 in Maces & Flails
  1084 | D        | Found Fuyradwoe's Antique Weapon Boutique.
  1084 | D        | Found Kudoo's Magic Scroll Shop.
  1084 | D        | Noticed an oklob plant
  1085 | D        | Found Yngey's Book Shoppe.
  1085 | D        | Found Foepimo's Assorted Antiques.
  1088 | D        | Noticed an ice dragon
  1089 | D        | Noticed a spiny frog
  1090 | D        | Noticed a spiny frog
  1119 | D        | Bought a faintly humming scale mail for 216 gold pieces
  1122 | D        | Bought a transparent morningstar for 297 gold pieces
  1124 | D        | Identified the cursed +2 morningstar of Kelu {venom, Dex+2} (You bought it in a shop in the Dungeon)
  1135 | D        | Identified the cursed +0 scale mail of the Gate {Str+7} (You bought it in a shop in the Dungeon)
  1173 | D        | Bought a bread ration for 65 gold pieces
  1173 | D        | Bought a bread ration for 65 gold pieces
  1173 | D        | Bought a bread ration for 65 gold pieces
  1173 | D        | Bought a meat ration for 65 gold pieces
  1192 | D        | Found a glowing silver altar of Zin.
  1193 | D        | Found a glowing golden altar of the Shining One.
  1193 | D        | Found a basalt altar of Yredelemnul.
  1193 | D        | Found a hide-covered altar of Uskayaw.
  1194 | D        | Found a shimmering altar of Xom.
  1194 | D        | Found a bloodstained altar of Trog.
  1194 | D        | Found a radiant altar of Vehumet.
  1194 | D        | Found a burning altar of Makhleb.
  1195 | D        | Found a deep blue altar of Sif Muna.
  1195 | D        | Found a corrupted altar of Lugonu.
  1196 | D        | Found a sacrificial altar of Ru.
  1196 | D        | Found an ancient bone altar of Kikubaaqudgha.
  1196 | D        | Found a white marble altar of Elyvilon.
  1197 | D        | Found a stormy altar of Qazlal.
  1197 | D        | Found a viscous altar of Jiyva.
  1197 | D        | Found a shadowy altar of Dithmenos.
  1198 | D        | Found a hazy altar of Hepliaklqana.
  1198 | D        | Found a snail-covered altar of Cheibriados.
  1199 | D        | Found a roughly hewn altar of Beogh.
  1200 | D        | Noticed a yaktaur
  1200 | D        | Noticed a hornet
  1200 | D        | Noticed a polar bear
  1200 | D        | Noticed a polar bear
  1201 | D        | Noticed a polar bear
  1204 | D        | Killed a polar bear
  1204 | D        | Received a gift from Trog
  1207 | D        | Killed a polar bear
  1207 | D        | Reached skill level 10 in Dodging
  1211 | D        | Killed a yaktaur
  1211 | D        | Reached skill level 15 in Maces & Flails
  1211 | D        | Reached XP level 9. HP: 86/89 MP: 8/8
  1213 | D        | Killed a polar bear
  1404 | D        | Noticed a kraken
  1421 | D        | Slain by a tentacle

Skill      XL: |  1  2  3  4  5  6  7  8 |
---------------+-------------------------+-----
Fighting       | 4 5 7 8 9 10 11 | 11.9
Maces & Flails | 5 6 9 10 12 13 15 | 15.6
Armour         | 3 4 6 7 8 10 11 | 11.6
Dodging        | 3 4 6 7 9 10 | 10.6

Action                   |  1- 3 |  4- 6 |  7- 9 || total
-------------------------+-------+-------+-------++-------
Melee: Mace              |    12 |    22 |    43 ||    77
       Headbutt          |     3 |     2 |    12 ||    17
       Morningstar       |       |       |    20 ||    20
Invok: Berserk           |       |     1 |     3 ||     4
       Brothers in Arms  |       |       |     1 ||     1
  Eat: Chunk             |       |       |     4 ||     4
       Meat ration       |       |       |     1 ||     1
Armor: Animal skin       |     1 |       |       ||     1
       Scale mail        |       |       |     6 ||     6
Dodge: Dodged            |     6 |     7 |    23 ||    36
